 Dungeon Crawl Stone Soup version 0.23-a0-315-ga85b81c (webtiles) character file.

11 Garbasso the Stinger (level 2, -1/16 HPs)
             Began as a Gargoyle Venom Mage on Oct 13, 2018.
             Killed from afar by Natasha (9 damage)
             ... with a wand of flame (23)
             ... on level 2 of the Dungeon.
             The game lasted 00:02:41 (875 turns).

Garbasso the Stinger (Gargoyle Venom Mage)           Turns: 875, Time: 00:02:42

Health: -1/16      AC:  5    Str: 11    XL:     2   Next: 29%
Magic:  1/5        EV: 12    Int: 15    God:
Gold:   52         SH:  0    Dex: 10    Spells: 2/5 levels left

rFire    . . .     SeeInvis .   (no weapon)
rCold    . . .     Gourm    .   (no shield)
rNeg     + . .     Faith    .   a - +0 robe
rPois    ∞         Spirit   .   (no helmet)
rElec    +         Reflect  .   (no cloak)
rCorr    .         Harm     .   (no gloves)
MR       .....                  l - +0 pair of boots
Stlth    ++........             (no amulet)
HPRegen  0.05/turn              (no ring)
MPRegen  0.09/turn              (no ring)

@: no status effects
A: negative energy resistance 1, electricity resistance, unbreathing,
petrification resistance, rot immunity, AC +2
a: no special abilities


You were on level 2 of the Dungeon.
You were not hungry.

You visited 1 branch of the dungeon, and saw 2 of its levels.

You collected 52 gold pieces.

Inventory:

Missiles
 h - 5 javelins (quivered)
Armour
 a - a +0 robe (worn)
 i - a +0 large shield
 l - a +0 pair of boots (worn)
Scrolls
 b - a scroll of random uselessness {unknown}
 d - a scroll of enchant weapon {unknown}
 f - a scroll of remove curse {unknown}
 g - 2 scrolls of teleportation {unknown}
Potions
 e - 2 potions of lignification {unknown}
 j - 2 potions of resistance {unknown}
 k - a potion of haste {unknown}
Comestibles
 c - 3 rations
 m - 2 chunks of flesh


   Skills:
 + Level 1.0 Fighting
 - Level 1.5 Dodging
 - Level 2.1 Stealth
 - Level 2.0 Spellcasting
 - Level 1.1 Conjurations
 * Level 3.4 Poison Magic


You had 2 spell levels left.
You knew the following spells:

 Your Spells              Type           Power        Failure   Level  Hunger
a - Sting                 Conj/Pois      #...         9%          1    #......
b - Poisonous Vapours     Pois/Air       #.....       17%         2    ###....

Your spell library contained the following spells:

 Spells                   Type           Power        Failure   Level  Hunger
 Mephitic Cloud           Conj/Pois/Air  #.......     34%         3    ###....
 Olgreb's Toxic Radiance  Pois           ##......     47%         4    #####..
 Venom Bolt               Conj/Pois      #.........   94%         5    ######.


Dungeon Overview and Level Annotations

Branches:
Dungeon (2/15)

Altars:

Annotations:
D:2 Natasha


Innate Abilities, Weirdness & Mutations

You are resistant to torment.
Your stone body is resilient. (AC +2)
You are immune to poison.
You resist negative energy. (rN+)
You are resistant to electric shocks. (rElec)
You can survive without breathing.
You are immune to petrification.
You are immune to rotting.


Message History

Found a hunting sling.
Natasha, Servant of Life and Death comes into view.
Casting: Poisonous Vapours (safe; 17% risk of failure)
Confirm with . or Enter, or press ? or * to list all spells.
Aiming: Poisonous Vapours (safe; 17% risk of failure)
Press: ? - help, Dir - move target cursor, f - Natasha
Aim: Natasha (resting) Poisonous vapours surround Natasha!
Natasha is engulfed in poison gas.
Natasha is poisoned.
Natasha zaps a wand.
The puff of flame hits you!
Ouch! That really hurt!
It is a wand of flame (23).
Casting: Poisonous Vapours (safe; 17% risk of failure)
Confirm with . or Enter, or press ? or * to list all spells.
Aiming: Poisonous Vapours (safe; 17% risk of failure)
Press: ? - help, Dir - move target cursor, f/p - Natasha
Aim: Natasha, carrying a wand of flame (23) (moderately wounded, poisoned) Poisonous vapours surround Natasha!
Natasha is engulfed in poison gas.
Natasha looks even sicker.
Natasha zaps a wand.
The puff of flame hits you!
Ouch! That really hurt!
You die...

..## ...
?.###
.)..# ..
.#
########.
.##
....h.?.#
.. #@# .#
#.###.#
##...#
##.## #.#
#.#
#####.#
#..<..#
#.....###


You could see Natasha.

Vanquished Creatures
  2 goblins (D:1)
  3 hobgoblins (D:1)
  A kobold (D:1)
  A frilled lizard (D:1)
  4 rats (D:1)
11 creatures vanquished.

Notes
Turn   | Place    | Note
-------+----------+-------------------------------------------
     0 | D:1      | Garbasso the Gargoyle Venom Mage began the quest for the
                  | Orb.
     0 | D:1      | Reached XP level 1. HP: 10/10 MP: 3/3
   536 | D:1      | Reached XP level 2. HP: 16/16 MP: 1/5
   614 | D:1      | Learned a level 2 spell: Poisonous Vapours
   731 | D:1      | Reached skill level 1 in Fighting
   873 | D:2      | Noticed Natasha
   875 | D:2      | Killed from afar by Natasha

Vault maps used:
D:1:      scummos_arrival_gate
D:2:      grunt_temple_overflow_holy_war, minmay_goblin_outpost, uniq_robin,
          uniq_natasha

Skill      XL: |  1  2 |
---------------+-------+-----
Fighting       | 1 |  1.0
Dodging        | |  1.5
Stealth        | |  2.1
Spellcasting   | |  2.0
Conjurations   | |  1.1
Poison Magic   | |  3.4

Action                   || total
-------------------------++-------
Melee: Unarmed           ||    20
Throw: Javelin           ||     5
 Cast: Sting             ||    13
       Poisonous Vapours ||     5
Armor: Robe              ||     6
Dodge: Dodged            ||    13

Table legend:
 A = Non-vault XP
 B = Vault XP
 C = Vault XP percentage of total XP
 D = Non-vault monster count
 E = Vault monster count
 F = Vault count percentage of total count
                 A         B        C        D         E       F
            +---------+---------+-------+---------+---------+-------
      Total |      17 |       0 |   0.0 |      11 |       0 |   0.0
            +---------+---------+-------+---------+---------+-------
        D:1 |      17 |       0 |   0.0 |      11 |       0 |   0.0
            +---------+---------+-------+---------+---------+-------
